Map: Prion Terraces

Players

lesha - Winner!

  • Race: Terran Terran
  • League: Silver

Anti

  • Race: Terran Terran
  • League: Silver

VOD

Have the link to the VOD?

Description

Time

  • Played on: Jan. 6, 2016, 10:30 a.m.
  • Length: 12:14
Show
View Real Time Build Order
Export as new Build Order

lesha Terran - Winner!

Build Orders: MMM Bio 

Get SALT Encoding   

  12  0:01  SCV  
  13  0:13  SCV  
  14  0:18  Supply Depot  
  14  0:25  SCV  
  15  0:40  SCV  
  15  0:41  Barracks  
  16  0:46  Refinery  
  16  0:52  SCV  
  17  1:04  SCV  
  18  1:16  SCV  
  20  1:39  Reaper  
  21  1:40  Orbital Command  
  21  1:44  Command Center  
  20  1:56  Supply Depot  
  20  1:59  Refinery  
  20  2:07  SCV  
  21  2:12  Barracks Reactor  
  21  2:18  Barracks  
  21  2:21  SCV  
  22  2:33  SCV  
  23  2:38  Factory  
  23  2:57  Marine  
  23  2:58  Marine  
  25  3:06  Barracks  
  25  3:07  Barracks  
  25  3:13  Supply Depot  
  25  3:15  SCV, Orbital Command  
  26  3:20  Marine  
  26  3:23  Barracks Reactor  
  27  3:27  SCV  
  27  3:28  Factory Tech Lab  
  28  3:39  Marine x2  
  28  3:40  SCV  
  32  3:41  SCV  
  32  4:00  Barracks Reactor, Barracks Tech Lab  
  32  4:04  Marine x2  
  32  4:05  Marine x2  
  32  4:07  Siege Tank  
  39  4:20  SCV x2, Starport  
  39  4:23  Marine x2  
  43  4:25  Marine  
  43  4:27  Marine  
  45  4:32  SCV x2  
  45  4:37  Stimpack  
  47  4:38  Widow Mine  
  47  4:39  Marine x2  
  51  4:46  SCV x2  
  53  4:54  Engineering Bay  
  53  4:56  Marine  
  54  5:07  Supply Depot  
  54  5:15  Marine  
  54  5:28  Marine x6  
  54  5:29  SCV x2  
  62  5:35  Starport Reactor  
  62  5:43  Supply Depot  
  62  5:44  Supply Depot  
  62  5:46  Supply Depot  
  62  5:47  SCV x2, Marine x2  
  66  5:51  Marine x3  
  66  5:56  Engineering Bay  
  69  5:57  Terran Infantry Weapons Level 1  
  69  6:05  Marine  
  69  6:06  Command Center  
  70  6:26  SCV x2  
  70  6:27  Marine x4  
  70  6:30  Medivac  
  78  6:34  Medivac  
  78  6:35  Marine x2  
  78  6:36  Marine  
  78  6:37  Combat Shields  
  78  6:38  SCV  
  84  6:43  Terran Infantry Armor Level 1  
  84  6:51  SCV x2  
  86  7:00  Supply Depot  
  86  7:02  Marine x3  
  86  7:03  SCV x2  
  86  7:04  Supply Depot  
  91  7:17  Refinery  
  91  7:19  Refinery  
  91  7:22  Marine x3  
  92  7:23  Marine x4  
  92  7:26  Medivac  
  100  7:39  Orbital Command  
  100  7:41  SCV x2, Marauder  
  106  7:53  SCV x2  
  97  8:11  Marine x3  
  97  8:12  Marine x4  
  103  8:40  Orbital Command, Marine x5  
  103  8:41  Marine  
  89  8:48  Marine  
  89  8:50  Widow Mine  
  92  8:58  Marine x2  
  92  9:00  Barracks  
  94  9:03  Barracks  
  94  9:05  Barracks  
  94  9:08  Starport  
  94  9:12  Factory  
  94  9:13  Armory, Marine x5  
  94  9:14  Supply Depot  
  94  9:15  Supply Depot  
  94  9:16  Supply Depot, Marine x2  
  101  9:18  Widow Mine  
  85  9:40  Supply Depot, Marine x6  
  85  9:41  Marine  
  92  9:52  Marine x3  
  95  9:54  Starport Reactor  
  95  9:57  Marine  
  95  9:58  Marine x6  
  97  10:06  SCV x2  
  97  10:07  SCV  
  101  10:18  SCV x2, Marine  
  101  10:19  SCV, Barracks Reactor x2  
  105  10:21  Barracks Tech Lab  
  105  10:22  Marine x5  
  105  10:23  Marine  
  105  10:24  Factory Tech Lab  
  110  10:30  SCV x2  
  110  10:31  SCV  
  108  10:36  Marine  
  108  10:40  Marine x5  
  111  10:42  SCV  
Show
View Real Time Build Order
Export as new Build Order

Anti Terran 

Build Orders: MMM Bio 

Get SALT Encoding   

  12  0:01  SCV  
  13  0:13  SCV  
  14  0:18  Supply Depot  
  14  0:25  SCV  
  15  0:40  SCV  
  15  0:42  Barracks  
  16  0:44  Refinery  
  16  0:52  SCV  
  17  1:04  Barracks  
  17  1:07  SCV  
  18  1:20  Barracks  
  18  1:30  Supply Depot  
  18  1:36  Orbital Command  
  18  1:46  Barracks Reactor  
  18  1:51  Barracks Tech Lab  
  18  2:04  SCV  
  18  2:07  Barracks Reactor  
  19  2:11  Supply Depot  
  19  2:12  Supply Depot  
  21  2:22  Marine x2  
  21  2:37  Stimpack  
  21  2:38  Marine  
  21  2:42  Marine x2  
  24  2:56  Marine x2  
  26  3:08  Marine  
  26  3:09  Marine  
  26  3:10  Marauder  
  30  3:13  Marine  
  30  3:14  Marine  
  32  3:23  SCV, Refinery  
  32  3:26  Marine  
  34  3:27  Marine  
  34  3:31  Marine  
  34  3:32  Marauder, Marine  
  39  3:35  SCV  
  40  3:44  Marine  
  40  3:45  Marine  
  42  3:51  Factory  
  42  3:53  Marauder  
  44  3:56  Marine x2  
  46  4:03  Marine  
  47  4:37  Command Center  
  47  4:43  Supply Depot  
  47  4:44  Supply Depot  
  47  4:46  Starport  
  47  4:59  Supply Depot  
  47  5:04  Marine  
  47  5:05  Marauder  
  50  5:07  Combat Shields  
  50  5:11  Factory Reactor  
  50  5:28  Marine x2  
  50  5:29  Marauder  
  48  5:36  Marine x2  
  50  5:49  Orbital Command  
  50  5:50  Marauder  
  52  5:59  Marine x3  
  52  6:01  Marine  
  56  6:04  Medivac  
  56  6:05  Medivac  
  56  6:09  SCV  
  61  6:21  SCV  
  61  6:22  Marine x3  
  65  6:32  Marauder  
  67  6:39  Engineering Bay  
  67  6:42  SCV  
  68  6:51  Marine x2  
  70  7:03  Medivac x2  
  70  7:07  Factory Tech Lab  
  74  7:18  Marine x2  
  74  7:19  Marauder, Marine  
  79  7:27  SCV  
  79  7:28  SCV  
  81  7:34  Marine  
  81  7:36  Marine  
  83  7:40  SCV x2  
  85  7:53  Marine  
  86  8:01  Marine  
  86  8:02  Marine x2  
  86  8:04  Marauder  
  86  8:05  Siege Tank  
  82  8:13  Marine  
  82  8:19  SCV x2, Marine  
  86  8:20  Marine  
  86  8:25  Marauder  
  73  8:37  Siege Tank  
  70  8:43  SCV x2  
  70  8:47  Marauder  
  74  8:51  Marine x3  
  74  8:52  Marine  
  78  8:59  SCV  
  79  9:03  Missile Turret  
  79  9:04  Medivac  
  79  9:08  Marauder  
  83  9:29  Marauder  
  55  9:31  Command Center  
  55  9:32  Marine x3  
  55  9:33  Missile Turret, Marine  
  39  9:39  Terran Infantry Weapons Level 1  
  39  9:45  Engineering Bay  
  39  9:50  Marine  
  40  9:53  Marine x3  
  41  10:04  Marine  
  32  10:08  Marine  
  32  10:11  Marine x2  
  32  10:13  Marine  
  35  10:23  Marauder  
  35  10:25  Marine  
Tags
 
Add a new tag
Caveats
  • Supply blocks, unpowered buildings, or Contaminate may cause inaccurate times.
  • Supply counts are checked every 10 seconds.